 Dungeon Crawl Stone Soup version 0.26-a0-720-g2a1d101370 (webtiles) character file.

Game seed: 16575578316016672440

64 Riddle the Conjurer (level 4, -1/42 HPs)
             Began as an Ogre Conjurer on Nov 2, 2020.
             Hit by a silver boomerang thrown by an orc warrior (5 damage)
             ... on level 3 of the Dungeon.
             The game lasted 00:04:23 (2774 turns).

Riddle the Conjurer (Ogre Conjurer)                 Turns: 2774, Time: 00:04:23

Health: -1/42      AC:  3    Str: 11    XL:     4   Next: 12%
Magic:  1/8        EV: 10    Int: 20    God:
Gold:   129        SH:  0    Dex:  7    Spells: 6/9 levels left

rFire    . . .     SeeInvis .   o - +0 dagger (speed)
rCold    . . .     Faith    .   (no shield)
rNeg     . . .     Spirit   .   a - +0 robe
rPois    .         Reflect  .   (helmet restricted)
rElec    .         Harm     .   (no cloak)
rCorr    .         Rampage  .   (gloves unavailable)
MR       .....                  (boots unavailable)
Stlth    +.........             l - amulet of the acrobat
HPRegen  0.14/turn              (no ring)
MPRegen  0.11/turn              (no ring)

@: very slightly contaminated
A: large, unfitting armour, tough skin 1
a: no special abilities


You were on level 3 of the Dungeon.
You visited 1 branch of the dungeon, and saw 3 of its levels.

You collected 129 gold pieces.

Inventory:

Hand Weapons
 o - a +0 dagger of speed (weapon)
Armour
 a - a +0 robe (worn)
Jewellery
 l - an amulet of the acrobat (around neck)
 q - an uncursed ring of protection from magic {unknown}
Wands
 n - a wand of disintegration (15)
Scrolls
 c - 5 scrolls of identify {unknown}
 g - a scroll of teleportation {unknown}
 j - a scroll of magic mapping {unknown}
 m - a scroll of fog {unknown}
Potions
 b - 3 potions of mutation {unknown}
 d - 2 potions of degeneration {unknown}
 e - a potion of brilliance {unknown}
 f - a potion of curing {unknown}
 h - a potion of magic {unknown}
 i - a potion of lignification {unknown}
 k - 2 potions of invisibility {unknown}
 p - 2 potions of might {unknown}


   Skills:
 + Level 1.7 Fighting
 + Level 2.3 Dodging
 - Level 1.4 Stealth
 * Level 3.3 Spellcasting
 * Level 4.1 Conjurations


You had 6 spell levels left.
You knew the following spells:

 Your Spells              Type           Power        Failure   Level
a - Magic Dart            Conj           ###.         2%          1
b - Searing Ray           Conj           ###...       3%          2

Your spell library contained the following spells:

 Spells                   Type           Power        Failure   Level
 Dazzling Flash           Conj/Hex       ##....       19%         3
 Fulminant Prism          Conj/Hex       ##........   52%         4
 Iskenderun's Mystic Bla  Conj/Tloc      ##......     52%         4


Dungeon Overview and Level Annotations

Branches:
Dungeon (3/15)

Altars:


Innate Abilities, Weirdness & Mutations

You are too large for most types of armour.
You have tough skin. (AC +1)


Message History

Aiming: Magic Dart (safe; 2% risk of failure)
Press: ? - help, Shift-Dir - straight line, f/p - orc warrior
Aim: an orc warrior, wielding a +0 long sword, wearing a +0 plate armour and quivering 3 silver boomerangs (lightly wounded)
The magic dart hits the orc warrior.
The orc warrior is moderately wounded.
The orc warrior throws a silver boomerang.
The silver boomerang hits you!!
* * * LOW HITPOINT WARNING * * *
x2 The weapon returns to the orc warrior!
Casting: Magic Dart (safe; 2% risk of failure)
Confirm with . or Enter, or press ? or * to list all spells.
Aiming: Magic Dart (safe; 2% risk of failure)
Press: ? - help, Shift-Dir - straight line, f/p - orc warrior
Aim: an orc warrior, wielding a +0 long sword, wearing a +0 plate armour and quivering 3 silver boomerangs (moderately wounded)
You miscast Magic Dart.
You are very lightly contaminated with residual magic.
Nothing appears to happen.
The orc warrior throws a silver boomerang.
The silver boomerang hits you.
You die...

############ #..)...[...#
#######..#######.##########
..........##..............##
#######.<###.#.............######
####..#.......###.####........
#.....#.......# #.# #.#######
#†#...#....)..###.# #.#
###.##.........@.##.# #.#
##.†.###.#........##.####.#
......#...................#
......####........#.#####.#
...†...# ####..##.....# #.#
.......# #..##.#.#.# #.#
..⌠.....#####..##o#.#.# #.#
........##.....##o#.#.###.#
.........#####............#######


You could see an orc warrior and an orc wizard.

Vanquished Creatures
  An adder (D:3)
  3 dart slugs
  3 leopard geckos
  An orc (D:3)
  6 bats
  3 giant cockroaches
  7 hobgoblins
  2 quokkas
  3 frilled lizards (D:3)
  4 goblins
  3 kobolds
  6 rats
42 creatures vanquished.

Notes
Turn   | Place    | Note
-------+----------+-------------------------------------------
     0 | D:1      | Riddle the Ogre Conjurer began the quest for the Orb.
     0 | D:1      | Reached XP level 1. HP: 16/16 MP: 3/3
   359 | D:1      | Reached XP level 2. HP: 26/26 MP: 3/5
   686 | D:1      | Reached skill level 1 in Fighting
   742 | D:1      | Learned a level 2 spell: Searing Ray
  1105 | D:2      | Reached XP level 3. HP: 33/33 MP: 2/7
  1945 | D:2      | Reached skill level 4 in Conjurations
  2620 | D:3      | Reached XP level 4. HP: 41/41 MP: 6/8
  2735 | D:3      | Noticed an orc warrior
  2774 | D:3      | Hit by a silver boomerang thrown by an orc warrior

Illustrated notes

Levels and vault maps discovered:
D:1:      dpeg_arrival_simpleton_c, layout_loops_ring, st_stairs_7
D:2:      layout_rooms
D:3:      minmay_skewed_foursquare, layout_loops_ring

Skill      XL: |  1  2  3 |
---------------+----------+-----
Dodging        | 2 |  2.3
Fighting       | 1 |  1.7
Spellcasting   | 3 |  3.3
Conjurations   | 4 |  4.1
Stealth        | |  1.4

Action                   |  1- 3 |  4- 6 || total
-------------------------+-------+-------++-------
Melee: Unarmed           |    15 |       ||    15
       Dagger            |     2 |       ||     2
 Cast: Magic Dart        |    89 |    17 ||   106
       Searing Ray       |     2 |       ||     2
 Stab: Sleeping          |     1 |       ||     1
Armor: Robe              |     5 |       ||     5
Dodge: Dodged            |    17 |     6 ||    23

Table legend: (Time is in decaauts)
 A = Elapsed time spent in this place.
 B = Non-inter-level travel time spent in this place.
 C = Inter-level travel time spent in this place.
 D = Time resting spent in this place.
 E = Time spent auto-exploring this place.
 F = Levels seen in this place.
 G = Mean time per level.
                   A        B        C        D        E       F      G
               +--------+--------+--------+--------+--------+-----+--------+
         Total |   2773 |   2665 |    108 |   1015 |   1293 |   3 |  924.3 |
       Dungeon |   2773 |   2665 |    108 |   1015 |   1293 |   3 |  924.3 |
               +--------+--------+--------+--------+--------+-----+--------+

Top non-repeatable levels by time:
     D:1: 1386 daAuts
     D:2: 728 daAuts
     D:3: 658 daAuts
